 Dungeon Crawl Stone Soup version bcrawl-1.14 (webtiles) character file.

Game seed: 18330681069434630720

59 Revguard the Sneak (level 3, -11/27 HPs)
             Began as a Demonspawn Archaeologist on Sept 9, 2019.
             Killed by divine providence
             ... invoked by an orc priest
              (13 damage)
             ... on level 3 of the Dungeon.
             The game lasted 00:06:05 (2661 turns).

Revguard the Sneak (Demonspawn Archaeologist)       Turns: 2661, Time: 00:06:05

Health: -11/27     AC:  7    Str: 11    XL:     3   Next: 78%
Magic:  4/4        EV: 12    Int: 15    God:
Gold:   74         SH:  0    Dex: 12    Spells: 4/4 levels left

rFire    + . .     SeeInvis .   m - +0 dagger
rCold    . . .     Gourm    .   (no shield)
rNeg     . . .     Faith    .   q - +0 leather armour
rPois    .         Spirit   .   c - +1 hat
rElec    .         Reflect  .   (no cloak)
rCorr    .         Harm     .   p - +0 pair of gloves
MR       .....                  d - +1 pair of boots
Stlth    +++.......             (no amulet)
HPRegen  0.09/turn              o - ring of protection from fire
MPRegen  0.09/turn              (no ring)

@: studying Spellcasting
A: nightstalker 1
a: no special abilities


You were on level 3 of the Dungeon.
You were not hungry.

You visited 1 branch of the dungeon, and saw 3 of its levels.

You collected 74 gold pieces.

Inventory:

Hand Weapons
 a - a +0 whip
 m - a +0 dagger (weapon)
Missiles
 n - 2 throwing nets (quivered) {!f}
Armour
 c - a +1 hat (worn)
 d - a +1 pair of boots (worn)
 p - a +0 pair of gloves (worn)
 q - a +0 leather armour (worn)
Jewellery
 o - a ring of protection from fire (left hand)
Scrolls
 h - a scroll of enchant armour {unknown}
 j - a scroll of immolation {unknown}
 k - 5 scrolls of identify {unknown}
 l - a scroll of remove curse {unknown}
 r - a scroll of blinking {unknown}
Potions
 b - a potion of cancellation {unknown}
 s - 2 potions of lignification {unknown}
Books
 e - a manual of Spellcasting
Miscellaneous
 f - an ancient crate
Comestibles
 g - 6 rations {!d}
 i - 2 chunks of flesh


   Skills:
 * Level 1.8 Fighting
 + Level 0.6 Short Blades
 - Level 1.1 Maces & Flails
 + Level 0.6 Armour
 + Level 3.2 Dodging
 * Level 3.3 Stealth
 * Level 1.0 Spellcasting


You had 4 spell levels left.
You didn't know any spells.
Your spell library was empty.

Dungeon Overview and Level Annotations

Branches:
Dungeon (3/12)

Altars:
Yredelemnul


Innate Abilities, Weirdness & Mutations

You are slightly more attuned to the shadows.


Message History

The tomahawk hits you but does no damage.
The orc barely misses you. The orc priest closely misses you.
You barely miss the orc priest.
The orc throws a tomahawk.
The tomahawk hits you but does no damage.
The orc closely misses you.
You barely miss the orc priest.
The orc priest hits you but does no damage.
The orc throws a tomahawk.
The tomahawk hits you. The orc closely misses you.
You hit the orc priest.
The orc priest is lightly wounded.
The orc priest invokes the aid of Beogh against you.
Beogh smites you!
* * * LOW HITPOINT WARNING * * *
The orc throws a tomahawk.
The tomahawk misses you. The orc barely misses you.
You hit the orc priest but do no damage.
The orc priest is lightly wounded.
The orc throws a tomahawk.
The tomahawk completely misses you.
The orc priest mumbles some strange prayers to Beogh against you.
Beogh smites you!
You die...

## ###.#
###
...#...
###..#.#
#..#
#..@...#
#..o..##
#.....#
####.##
+#


You could see an orc priest and 2 orcs.

Vanquished Creatures
  3 worms (D:2)
  2 dart slugs (D:1)
  A leopard gecko (D:1)
  2 orcs (D:2)
  3 bats (D:2)
  4 goblins
  6 hobgoblins
  6 jackals
  4 frilled lizards
  5 kobolds (D:2)
  6 rats
42 creatures vanquished.

Notes
Turn   | Place    | Note
-------+----------+-------------------------------------------
     0 | D:1      | Revguard the Demonspawn Archaeologist began the quest for
                  | the Orb.
     0 | D:1      | Reached XP level 1. HP: 15/15 MP: 1/1
    29 | D:1      | Reached skill level 1 in Maces & Flails
   297 | D:1      | Gained mutation: You are slightly more attuned to the
                  | shadows. [demonic ancestry]
   297 | D:1      | Reached XP level 2. HP: 12/21 MP: 2/2
  1457 | D:2      | Reached XP level 3. HP: 24/27 MP: 3/3
  1844 | D:2      | Found a basalt altar of Yredelemnul.
  2577 | D:2      | Reached skill level 1 in Spellcasting
  2661 | D:3      | Killed from afar by an orc priest

Skill      XL: |  1  2  3 |
---------------+----------+-----
Maces & Flails | 1 |  1.1
Dodging        | 3 |  3.2
Spellcasting   | 1 |  1.0
Fighting       | |  1.8
Short Blades   | |  0.6
Armour         | |  0.6
Stealth        | |  3.3

Action                   || total
-------------------------++-------
Melee: Whip              ||    72
       Dagger            ||   179
  Use: Potion            ||     1
 Stab: Sleeping          ||    11
  Eat: Chunk             ||     6
Armor: Robe              ||    18
       Leather armour    ||    73
Dodge: Dodged            ||   189
